 Dungeon Crawl Stone Soup version 0.21.0-3-g78d12a8 (webtiles) character file.

8743 oplop the Thaumaturge (level 11, 0/66 HPs)
             Began as an Octopode Ice Elementalist on Jan 12, 2018.
             Was an Elder of Cheibriados.
             Slain by a five-headed hydra (11 damage)
             ... on level 1 of the Lair of Beasts.
             The game lasted 00:33:06 (12848 turns).

oplop the Thaumaturge (Octopode Ice Elementalist)  Turns: 12848, Time: 00:33:07

Health: 0/66       AC:  9    Str: 19    XL:     11   Next: 35%
Magic:  4/24       EV: 20    Int: 30    God:    Cheibriados [****..]
Gold:   585        SH:  4    Dex: 25    Spells: 16/28 levels left

rFire    . . .     SeeInvis .   m - +2 rapier (protect)
rCold    . . .     Gourm    +   (no shield)
rNeg     . . .     Faith    .   (helmet restricted)
rPois    .         Spirit   .   w - amulet of the gourmand
rElec    .         Reflect  .   x - +3 ring of dexterity
rCorr    .         Harm     .   (no ring)
MR       .....                  (no ring)
Stlth    ++++......             (no ring)
HPRegen  0.21/turn              (no ring)
MPRegen  0.19/turn              (no ring)
                                (no ring)
                                (no ring)

@: icy armour, about to teleport, very slightly contaminated, studying Stealth,
very slow
A: almost no armour, stealthy swim, amphibious, 8 rings, constrict 8, large bone
plates 1, camouflage 1, blink, frail 1, gelatinous body 1
a: Blink, Bend Time, Temporal Distortion, Slouch, Renounce Religion


You were on level 1 of the Lair of Beasts.
You worshipped Cheibriados.
Cheibriados was greatly pleased with you.
You were completely stuffed.

You visited 3 branches of the dungeon, and saw 13 of its levels.

You collected 585 gold pieces.

Inventory:

Hand Weapons
 m - a +2 rapier of protection (weapon)
Jewellery
 e - the ring "Yjennubb" {rElec MR++ Int-5 Dex+8 Stlth+}
   (You found it on level 8 of the Dungeon)

   [ring of stealth]

   It affects your intelligence (-5).
   It affects your dexterity (+8).
   It insulates you from electricity.
   It affects your resistance to hostile enchantments.
   It makes you more stealthy.
 w - an amulet of the gourmand (around mantle)
 x - a +3 ring of dexterity (left tentacle)
Wands
 s - a wand of flame (35)
 u - a wand of polymorph (10)
 y - a wand of disintegration (15)
Scrolls
 d - 8 scrolls of remove curse
 f - 2 scrolls of immolation
 i - 4 scrolls of identify
 j - 6 scrolls of teleportation
 k - a scroll of random uselessness {unknown}
Potions
 c - 2 potions of magic
 g - 2 potions of lignification
 h - 4 potions of degeneration
 l - 2 potions of might
 o - 4 potions of brilliance
 q - 2 potions of berserk rage
 r - 3 potions of flight
 v - a potion of heal wounds
 z - 2 potions of agility
 A - 3 potions of curing
Books
 a - a book of Frost

   Spells                             Type                      Level
   a - Freeze                         Ice                          1
   b - Throw Frost                    Conjuration/Ice              2
   c - Ozocubu's Armour               Charms/Ice                   3
   d - Throw Icicle                   Conjuration/Ice              4
   e - Summon Ice Beast               Ice/Summoning                4
 n - a manual of Stealth
Comestibles
 b - 10 rations


   Skills:
 + Level 6.8 Fighting
 + Level 7.3 Dodging
 - Level 2.6 Stealth
 * Level 9.4 Spellcasting
 - Level 1.0 Conjurations
 - Level 2.3 Summonings
 - Level 8.9 Ice Magic
 * Level 6.0 Invocations


You had 16 spell levels left.
You knew the following spells:

 Your Spells              Type           Power        Failure   Level  Hunger
a - Freeze                Ice            ####         1%          1    None
b - Ozocubu's Armour      Chrm/Ice       #####...     1%          3    None
c - Summon Ice Beast      Ice/Summ       #####...     3%          4    None
d - Throw Icicle          Conj/Ice       #####...     4%          4    None


Dungeon Overview and Level Annotations

Branches:
Dungeon (11/15)            Temple (1/1) D:5            Lair (1/6) D:11
    Orc (0/2) D:9

Altars:
Ashenzari
Cheibriados
Dithmenos
Elyvilon
Fedhas
Gozag
Hepliaklqana
Kikubaaqudgha
Makhleb
Nemelex Xobeh
Okawaru
Qazlal
Ru
Sif Muna
Trog
Uskayaw
Vehumet
Wu Jian
Xom
Yredelemnul
Zin
The Shining One

Shops:
D:4 ?   D:8 }

Annotations:
D:4 exclusion: phantom
D:8 1 exclusion, Psyche


Innate Abilities, Weirdness & Mutations

You cannot wear most types of armour.
You are very stealthy in the water. (Stealth+)
You are amphibious.
You can wear up to eight rings at the same time.
You can use your tentacles to constrict eight enemies at once.
Your skin changes colour to match your surroundings (Stealth+).
Your rubbery body absorbs attacks. (AC +1, EV +1)
You are partially covered in large bone plates. (SH +4)
You can translocate small distances at will.
You are frail. (-10% HP)


Message History

The five-headed hydra bites you!
The five-headed hydra completely misses you.
The five-headed hydra bites you but does no damage.
The five-headed hydra completely misses you.
As you read the scroll of teleportation, it crumbles to dust.
You feel strangely unstable.
Your ice beast hits the fungus.
Your ice beast freezes the fungus!
The five-headed hydra closely misses you.
The five-headed hydra barely misses you. x2
The five-headed hydra completely misses you.
The five-headed hydra bites you!
* * * LOW HITPOINT WARNING * * *
Your ice beast hits the fungus.
Your ice beast freezes the fungus!
The fungus is destroyed!
Your ice beast barely misses the five-headed hydra.
The five-headed hydra bites you.
* * * LOW HITPOINT WARNING * * *
You block the five-headed hydra's attack.
The five-headed hydra bites you!
You die...

##. #.. #.# ###.##
#### # ....# .....
###.#...## ....#
#P..#....#......
.#......Y##......
.≈...[..@D#.?.....
≈≈≈.(#.#÷.t.......
≈≈≈≈..##........##
≈≈≈≈≈. ##.......#
.≈≈≈≈≈ #.......#
>≈≈≈≈ #.......#
≈≈≈≈ ......#.#
....>...#
....#..#.#


You could see a five-headed hydra, a crocodile and a friendly ice beast.

Vanquished Creatures
  Pikel (D:7)
  A centaur skeleton (D:10)
  Prince Ribbit (D:6)
  2 hippogriffs (D:11)
  A wyvern (D:11)
  4 yaks
  Duvessa (D:7)
  A water moccasin (Lair:1)
  A black bear (D:9)
  3 sky beasts
  2 orc warriors (D:9)
  An ice beast (D:11)
  A slave (D:7)
  2 necrophages
  2 phantoms
  2 centaurs
  5 ogres
  3 big kobolds
  3 bullfrogs
  A wyvern skeleton (D:6)
  2 scorpions
  10 killer bees
  3 howler monkeys (D:9)
  A crimson imp (D:11)
  3 bullfrog zombies
  4 hounds
  2 jellies (D:5)
  3 orc priests
  6 orc wizards
  2 bullfrog skeletons
  8 worker ants
  A hound zombie (D:6)
  A hound skeleton (D:2)
  A howler monkey zombie (D:5)
  A worker ant zombie (D:10)
  11 adders
  4 shadow imps
  2 oozes
  6 worms
  4 dart slugs
  3 leopard geckos
  46 orcs
  4 ball pythons
  6 giant cockroaches
  8 goblins
  4 hobgoblins (D:1)
  2 iguanas
  9 jackals
  4 quokkas
  6 bats
  8 frilled lizards
  19 kobolds
  A quokka skeleton (D:2)
  11 rats
  A plant (D:11)
245 creatures vanquished.

Vanquished Creatures (collateral kills)
  2 two-headed ogres (D:10)
  A spiny frog (Lair:1)
  The ghost of magipi the Chiller, a novice MfIE of Hepliaklqana (D:6)
  A troll (D:10)
  The ghost of dscm the Ducker, an amateur OpFi (D:7)
  2 dream sheep (D:8)
  7 yaks
  Eustachio (D:6)
  A phantom (D:8)
  6 centaurs
  A big kobold (D:8)
  A bullfrog (Lair:1)
  Dowan (D:7)
  5 killer bees
  A jelly (D:7)
  2 orc wizards
  An orc priest (D:10)
  A hound zombie (D:10)
  An adder (D:10)
  An adder zombie (D:9)
  5 orcs
  3 kobolds
  A fungus (Lair:1)
47 creatures vanquished.

Vanquished Creatures (others)
  4 toadstools (D:1)
4 creatures vanquished.

Grand Total: 296 creatures vanquished

Notes
Turn   | Place    | Note
-------+----------+-------------------------------------------
     0 | D:1      | oplop the Octopode Ice Elementalist began the quest for the Orb.
     0 | D:1      | Reached XP level 1. HP: 11/11 MP: 3/3
   264 | D:1      | Reached XP level 2. HP: 6/18 MP: 3/5
   686 | D:1      | Reached XP level 3. HP: 11/22 MP: 3/6
  1418 | D:2      | Found a sacrificial altar of Ru.
  1733 | D:2      | Reached skill level 1 in Fighting
  1741 | D:2      | HP: 1/23 [poisoned by an adder]
  1742 | D:2      | Gained mutation: You evolve. [potion of mutation]
  1742 | D:2      | Gained mutation: You can translocate small distances at will. [potion of mutation]
  1791 | D:2      | Reached XP level 4. HP: 26/28 MP: 8/8
  2355 | D:2      | Reached skill level 3 in Spellcasting
  2658 | D:3      | Reached XP level 5. HP: 31/33 MP: 5/9
  2853 | D:3      | Found an ancient bone altar of Kikubaaqudgha.
  2989 | D:3      | Learned a level 3 spell: Ozocubu's Armour
  2994 | D:3      | Learned a level 4 spell: Summon Ice Beast
  2999 | D:3      | Noticed an ogre
  3022 | D:3      | Killed an ogre
  3022 | D:3      | Reached skill level 1 in Summonings
  3022 | D:3      | Reached XP level 6. HP: 15/39 MP: 1/11
  3867 | D:4      | Found a deep blue altar of Sif Muna.
  3868 | D:4      | Found a sparkling altar of Nemelex Xobeh.
  4029 | D:4      | Found Ohomuyn's Magic Scroll Boutique.
  4065 | D:4      | Noticed a phantom
  4679 | D:4      | Lost mutation: You evolve. [potion of mutation]
  4679 | D:4      | Gained mutation: You are frail. (-10% HP) [potion of mutation]
  4679 | D:4      | Gained mutation: You are partially covered in large bone plates. (SH +4) [potion of mutation]
  4877 | D:4      | Killed a phantom
  4877 | D:4      | Reached XP level 7. HP: 22/40 MP: 6/12
  5070 | D:5      | Entered Level 5 of the Dungeon
  5084 | D:5      | Reached skill level 4 in Spellcasting
  5368 | D:5      | Reached skill level 5 in Ice Magic
  5680 | D:5      | Found a basalt altar of Yredelemnul.
  6007 | D:5      | Found a shimmering altar of Xom.
  6211 | D:5      | Found a staircase to the Ecumenical Temple.
  6392 | D:5      | Reached XP level 8. HP: 46/46 MP: 9/15
  6455 | D:6      | Found a stormy altar of Qazlal.
  6457 | D:6      | Noticed a water elemental
  6458 | D:6      | Noticed an air elemental
  6501 | D:6      | Reached skill level 5 in Spellcasting
  6926 | D:6      | Noticed Eustachio
  7023 | D:6      | Noticed magipi's ghost (novice MfIE)
  7060 | D:6      | Killed Eustachio
  7132 | D:6      | Noticed Prince Ribbit
  7175 | D:6      | Killed Prince Ribbit
  7451 | D:6      | Found a blossoming altar of Fedhas.
  7455 | D:6      | Found a stormy altar of Qazlal.
  7560 | D:7      | Noticed dscm's ghost (amateur OpFi)
  7639 | D:7      | Noticed Pikel
  7649 | D:7      | Killed Pikel
  7649 | D:7      | Reached skill level 6 in Spellcasting
  7649 | D:7      | Reached XP level 9. HP: 44/52 MP: 11/18
  7688 | D:7      | Reached skill level 5 in Dodging
  7778 | D:7      | Found a bloodstained altar of Trog.
  7778 | D:7      | Found an iron altar of Okawaru.
  7931 | D:7      | Killed dscm's ghost
  7970 | D:7      | Noticed Dowan
  7972 | D:7      | Noticed Duvessa
  7981 | D:7      | Killed Dowan
  7984 | D:7      | Killed Duvessa
  8430 | D:8      | Noticed Psyche
  8553 | D:8      | Found Maeleess's Gadget Boutique.
  8597 | D:8      | Found a burning altar of Makhleb.
  8622 | D:8      | Found an opulent altar of Gozag.
  8816 | Temple   | Entered the Ecumenical Temple
  9018 | Temple   | Became a worshipper of Cheibriados the Contemplative
  9214 | D:6      | Killed magipi's ghost
  9214 | D:6      | Reached skill level 7 in Spellcasting
  9313 | D:6      | Reached skill level 5 in Fighting
  9497 | D:8      | Got a translucent platinum ring
  9568 | D:8      | Reached * piety under Cheibriados
  9605 | D:8      | Reached XP level 10. HP: 59/59 MP: 11/21
 10059 | D:8      | Noticed a two-headed hydra
 10186 | D:9      | Reached ** piety under Cheibriados
 10408 | D:9      | Reached skill level 1 in Invocations
 10432 | D:9      | Reached skill level 8 in Spellcasting
 10489 | D:9      | Found a shimmering altar of Xom.
 10826 | D:9      | Found a staircase to the Orcish Mines.
 10877 | D:9      | Found a burning altar of Makhleb.
 10922 | D:9      | Identified the ring "Yjennubb" {rElec MR++ Int-5 Dex+8 Stlth+} (You found it on level 8 of the Dungeon)
 11054 | D:9      | Found a hazy altar of Hepliaklqana.
 11162 | D:9      | Got a pitted broad axe
 11163 | D:9      | Identified the +8 broad axe of Kismet {pain, Str+2} (You found it on level 9 of the Dungeon)
 11181 | D:9      | Learned a level 4 spell: Throw Icicle
 11186 | D:10     | Entered Level 10 of the Dungeon
 11245 | D:10     | Reached *** piety under Cheibriados
 11833 | D:10     | Noticed a two-headed ogre
 11841 | D:10     | Killed a two-headed ogre
 11841 | D:10     | Reached XP level 11. HP: 41/65 MP: 9/23
 11947 | D:10     | Noticed a two-headed ogre
 11955 | D:10     | Killed a two-headed ogre
 11955 | D:10     | Reached skill level 9 in Spellcasting
 11955 | D:10     | Reached skill level 5 in Invocations
 12276 | D:11     | Reached **** piety under Cheibriados
 12501 | D:11     | Found a staircase to the Lair.
 12549 | Lair:1   | Entered Level 1 of the Lair of Beasts
 12610 | Lair:1   | Noticed a five-headed hydra
 12848 | Lair:1   | Slain by a five-headed hydra

Skill      XL: |  1  2  3  4  5  6  7  8  9 10 11 |
---------------+----------------------------------+-----
Fighting       | 1 2 3 4 5 6 |  6.8
Spellcasting   | 3 4 6 7 8 9 |  9.4
Ice Magic      | 4 5 7 8 |  8.9
Summonings     | 1 2 |  2.3
Dodging        | 3 4 5 6 7 |  7.3
Invocations    | 4 6 |  6.0
Stealth        | |  2.6
Conjurations   | |  1.0

Action                   |  1- 3 |  4- 6 |  7- 9 | 10-12 || total
-------------------------+-------+-------+-------+-------++-------
Melee: Unarmed           |    84 |       |       |       ||    84
       Constrict         |    26 |    30 |    51 |    47 ||   154
       Tentacles         |    16 |    18 |    48 |    75 ||   157
       Dagger            |     9 |   134 |    53 |       ||   196
       Rapier            |       |       |   173 |   202 ||   375
 Cast: Freeze            |    15 |    52 |    69 |    53 ||   189
       Ozocubu's Armour  |       |     3 |    23 |    23 ||    49
       Summon Ice Beast  |       |     3 |    16 |    25 ||    44
       Throw Icicle      |       |       |       |     7 ||     7
Invok: Bend Time         |       |       |       |     7 ||     7
  Use: Potion            |     3 |     3 |     1 |       ||     7
       Scroll            |       |     3 |     1 |    10 ||    14
 Stab: Sleeping          |     8 |     9 |    10 |     6 ||    33
       Distracted        |       |       |     1 |     2 ||     3
  Eat: Chunk             |     2 |    11 |     6 |    15 ||    34
       Ration            |       |       |     4 |       ||     4
Armor: Skin              |    13 |    20 |    68 |    70 ||   171
Dodge: Dodged            |    60 |   103 |   188 |   296 ||   647
Block: Other             |       |       |    50 |    65 ||   115
